 Dungeon Crawl Stone Soup version 0.17.0-9-g801d43b (console) character file.

107 gw the Grasshopper (level 4, -5/36 HPs)
             Began as a Demigod Warper on Nov 10, 2015.
             Slain by a worm (8 damage)
             ... on level 2 of the Dungeon.
             The game lasted 00:04:00 (3923 turns).

gw the Grasshopper (Demigod Warper)                 Turns: 3923, Time: 00:04:00

Health: -5/36      AC:  4    Str: 14    XL:     4   Next: 32%
Magic:  9/10       EV: 12    Int: 19    God:
Gold:   222        SH:  0    Dex: 15    Spells: 4 memorised, 0 levels left

rFire  + . .     SeeInvis .     a - +0 falchion
rCold  . . .     Clarity  .     d - +2 robe {rF+}
rNeg   . . .     SustAt   +     (no shield)
rPois  .         Gourm    .     (no helmet)
rElec  .         Spirit   .     (no cloak)
rCorr  .         Warding  .     (no gloves)
rMut   .         Stasis   .     (no boots)
MR     .....                    e - amulet of rage
Stlth  +.........               (no ring)
                                (no ring)

@: starving, not resistant to hostile enchantments, very unstealthy
A: high mp 1, sustain attributes
a: Evoke Berserk Rage


You were on level 2 of the Dungeon.
You were starving.

You visited 1 branch of the dungeon, and saw 2 of its levels.

You collected 222 gold pieces.

Inventory:

Hand Weapons
 a - a +0 falchion (weapon)
Armour
 d - a +2 robe of fire resistance (worn)
Jewellery
 e - an amulet of rage (around neck)
Books
 c - a book of Spatial Translocations

   Spells                             Type                      Level
   a - Apportation                    Translocation                1
   b - Blink                          Translocation                2
   c - Shroud of Golubria             Charms/Translocation         2
   d - Portal Projectile              Translocation                3
   e - Teleport Other                 Translocation                3
   f - Passage of Golubria            Translocation                4
Comestibles
 f - 4 bread rations


   Skills:
 + Level 2.2 Fighting
 + Level 2.2 Long Blades
 + Level 1.6 Throwing
 + Level 1.6 Armour
 - Level 1.7 Dodging
 * Level 2.6 Spellcasting
 + Level 3.0 Translocations


You couldn't memorise any spells.
You knew the following spells:

 Your Spells              Type           Power        Failure   Level  Hunger
a - Apportation           Tloc           ##........   6%          1    None
b - Blink                 Tloc           N/A          10%         2    ##.....
c - Shroud of Golubria    Chrm/Tloc      #.........   14%         2    ##.....
d - Portal Projectile     Tloc           ##....       14%         3    ###....


Dungeon Overview and Level Annotations

Branches:
Dungeon (2/15)

Annotations:
D:1 exclusion: downstairs


Innate Abilities, Weirdness & Mutations

You have an increased reservoir of magic (+10% MP).
Your attributes are resistant to harm.


Message History

The worm bites you!
Unknown command.
Unknown command.
Unknown command.
Unknown command.
ATTACKING (0,-1)
You hit the worm but do no damage. The worm bites you.
Unknown command.
Unknown command.
Unknown command.
Unknown command.
ATTACKING (0,-1)
You hit the worm but do no damage.
Unknown command.
Unknown command.
Unknown command.
Unknown command.
ATTACKING (0,-1)
You barely miss the worm. The worm bites you!
You die...

#.....# #.....# #########
#....(# #.......#
#...(.### #.......#
#...((#.########.......#
#..(.....#.............#
#..(..(....###.........#
#......w............####
#.((..(p.(.(##....#.....
#######.#.......########
####......# ##....).#.#
## #..##.#...## ##.
####.###.#.#..#####..
#####..#(###.#.#.....#...
#..........#...##......##
#..........#...#.........


You could see a worm.

Table legend:
 A = Turns spent in this place as a percentage of turns spent in the entire game.
 B = Non-inter-level travel turns spent in this place as a percentage of non-inter-level travel turns spent in the entire game.
 C = Inter-level travel turns spent in this place as a percentage of turns spent in this place.
 D = Turns resting spent in this place as a percentage of non-inter-level travel turns spent in this place.
 E = Turns spent auto-exploring this place as a percentage of non-inter-level travel turns spent in this place.
 F = Non-inter-level travel turns spent in this place divided by the number of levels of this place that you've seen.
                   A       B       C       D       E      F
               +-------+-------+-------+-------+-------+----------------------
         Total | 100.0 | 100.0 |   0.3 |   1.5 |   1.2 | 2922.5
       Dungeon | 100.0 | 100.0 |   0.3 |   1.5 |   1.2 | 2922.5
               +-------+-------+-------+-------+-------+----------------------

Table legend:
 A = Kills in this place as a percentage of kills in entire the game.
 B = Kills by you in this place as a percentage of kills by you in the entire game.
 C = Kills by friends in this place as a percentage of kills by friends in the entire game.
 D = Other kills in this place as a percentage of other kills in the entire game.
 E = Experience gained in this place as a percentage of experience gained in the entire game.
 F = Experience gained in this place divided by the number of levels of this place that you have seen.
                   A       B       C       D       E      F
               +-------+-------+-------+-------+-------+----------------------
         Total | 100.0 | 100.0 |  -nan |  -nan | 100.0 |  77.0
       Dungeon | 100.0 | 100.0 |  -nan |  -nan | 100.0 |  77.0
               +-------+-------+-------+-------+-------+----------------------

Vanquished Creatures
  Jessica (D:2)
  An adder (D:2)
  6 worms (D:2)
  2 giant geckos (D:1)
  A ball python (D:2)
  5 bats
  3 giant cockroaches (D:1)
  10 hobgoblins
  4 jackals (D:1)
  3 kobolds
  3 giant newts
  5 goblins
  6 rats (D:2)
50 creatures vanquished.

Notes
Turn   | Place    | Note
--------------------------------------------------------------
     0 | D:1      | gw the Demigod Warper began the quest for the Orb.
     0 | D:1      | Reached XP level 1. HP: 17/17 MP: 5/5
    24 | D:1      | Reached skill level 1 in Armour
   267 | D:1      | Reached skill level 1 in Throwing
   777 | D:1      | Reached XP level 2. HP: 12/24 MP: 7/7
   922 | D:1      | Learned a level 2 spell: Blink
   925 | D:1      | Learned a level 2 spell: Shroud of Golubria
  1812 | D:2      | HP: 1/24 [bat (1)]
  1818 | D:2      | HP: 1/24 [bat (1)]
  2138 | D:2      | Reached XP level 3. HP: 29/29 MP: 6/9
  2182 | D:2      | Found a deep blue altar of Sif Muna.
  3136 | D:2      | Reached skill level 3 in Translocations
  3385 | D:2      | Noticed Jessica
  3416 | D:2      | Killed Jessica
  3416 | D:2      | Reached XP level 4. HP: 34/36 MP: 7/10
  3445 | D:2      | Learned a level 3 spell: Portal Projectile
  3923 | D:2      | Slain by a worm

Action                   |  1- 3 |  4- 6 || total
-------------------------+-------+-------++-------
Melee: Falchion          |   198 |    24 ||   222
Throw: Tomahawk          |     5 |       ||     5
       Stone             |   123 |    33 ||   156
 Cast: Shroud of Golubri |    44 |    10 ||    54
 Abil: Evoke Berserk Rag |     1 |       ||     1
  Use: Scroll            |     1 |       ||     1
  Eat: Chunk             |     8 |       ||     8
       Bread ration      |     1 |       ||     1

Vault maps used:
D:1:      lightli_molten_gateway
D:2:      lemuel_coloured_pillars_altar, uniq_jessica
